 Dungeon Crawl Stone Soup version 0.26.1-11-gd32895ea62 (webtiles) character file.

Game seed: 11824712797936200683

658 bnorton916 the Shield-Bearer (level 7, -11/56 HPs)
             Began as a Formicid Fighter on June 27, 2021.
             Mangled by a two-headed ogre
             ... wielding a cursed -3 giant spiked club
              (12 damage)
             ... on level 4 of the Dungeon.
             The game lasted 00:08:16 (4987 turns).

bnorton916 the Shield-Bearer (Formicid Fighter)     Turns: 4987, Time: 00:08:17

Health: -11/56     AC:  7    Str: 23    XL:     7   Next: 86%
Magic:  7/7        EV:  8    Int:  7    God:
Gold:   228        SH: 10    Dex: 10    Spells: 6/6 levels left

rFire    . . .     SeeInvis +   q - +1 spear (venom)
rCold    . . .     Faith    .   c - +0 kite shield
rNeg     . . .     Spirit   .   b - +0 scale mail
rPois    .         Reflect  .   (helmet unavailable)
rElec    .         Harm     .   (no cloak)
rCorr    .         Rampage  .   (no gloves)
Will     +....                  (no boots)
Stlth    ..........             (no amulet)
HPRegen  0.18/turn              (no ring)
MPRegen  0.10/turn              n - ring of willpower

@: lethally poisoned (-11 -> -13)
A: permanent stasis, dig shafts and tunnels, four strong arms, antennae 3
a: Dig, Shaft Self


You were on level 4 of the Dungeon.
You visited 1 branch of the dungeon, and saw 5 of its levels.

You collected 228 gold pieces.

Inventory:

Hand Weapons
 a - a +0 war axe
 q - a +1 spear of venom (weapon)
 s - a +1 dagger of electrocution
 x - a +2 hand axe of electrocution
Missiles
 f - 6 silver boomerangs
Armour
 b - a +0 scale mail (worn)
 c - a +0 kite shield (worn)
 u - a +3 chain mail of cold resistance
Jewellery
 e - an uncursed ring of resist corrosion
 h - an uncursed ring of fire
 n - a ring of willpower (right hand)
Wands
 t - a wand of polymorph (5)
Scrolls
 j - 3 scrolls of remove curse
 k - a scroll of enchant weapon
 v - 2 scrolls of fear
 A - a scroll of enchant armour
Potions
 d - a potion of heal wounds
 l - 2 potions of flight
 r - 5 potions of curing
 z - a potion of attraction


   Skills:
 + Level 5.4 Fighting
 + Level 4.3 Axes
 + Level 5.4 Armour
 + Level 6.0 Shields


You had 6 spell levels left.
You didn't know any spells.
Your spell library was empty.

Dungeon Overview and Level Annotations

Branches:
Dungeon (5/15)
 Temple: D:4-7

Altars:
Ashenzari


Innate Abilities, Weirdness & Mutations

You cannot be hasted, slowed, berserked, paralysed or teleported.
You can dig through walls and to a lower floor.
Your four strong arms can wield two-handed weapons with a shield.
You have a pair of large antennae on your head. (SInv)


Message History

The two-headed ogre is lightly wounded.
The worker ant bites you.
You are poisoned.
The worker ant poisons you! You block the two-headed ogre's attack.
The two-headed ogre hits you with a +0 giant club.
You climb upwards.
You feel sick.
There is a stone staircase leading down here.
You extend your mandibles.
You dig through the rock wall.
You feel sick.
You retract your mandibles.
You extend your mandibles.
You dig through the rock wall.
You dig through the rock wall.
You feel sick.
You dig through the rock wall.
You dig through the rock wall.
You dig through the rock wall.
The two-headed ogre hits you with a cursed -3 giant spiked club!!
* * * LOW HITPOINT WARNING * * *
The two-headed ogre hits you with a +0 giant club!
You die...

####.####..#.....# #..# # #.#
#.>#.##### #..# ####.# ###..#
#..# .....#######.##
##########..#
.###..........###..)........#
...#.#########.##.########..#
##.#.# ##B#.# #..# ##.#.#
##O.# ##.# ...#.# #@.# #.#
####.# ##.# #.# .....# #.#
#.# ###### #.# #.#
#.#########.## #...........(#
#.############ ###


You could see a two-headed ogre (very poisoned) and a worker ant.

Vanquished Creatures
  A phantom (D:4)
  A scorpion (D:4)
  3 orc wizards (D:4)
  Ijyb (D:3)
  Terence (D:2)
  An iguana (D:4)
  Natasha (thrice) (D:4)
  3 worker ants (D:4)
  Robin (D:2)
  3 gnolls (D:4)
  A howler monkey skeleton (D:4)
  9 adders
  An ooze (D:2)
  An adder skeleton (D:4)
  3 dart slugs
  2 leopard geckos
  11 orcs
  A giant cockroach (D:4)
  6 hobgoblins
  3 jackals (D:3)
  A quokka (D:3)
  2 ball pythons (D:1)
  3 bats
  6 frilled lizards
  13 goblins
  8 kobolds
  2 rats
91 creatures vanquished.

Notes
Turn   | Place    | Note
-------+----------+-------------------------------------------
     0 | D:1      | bnorton916 the Formicid Fighter began the quest for the
                  | Orb.
     0 | D:1      | Reached XP level 1. HP: 18/18 MP: 1/1
   390 | D:1      | Reached XP level 2. HP: 24/24 MP: 2/2
   611 | D:1      | Found a broken altar of Ashenzari.
   913 | D:1      | Reached skill level 4 in Shields
   913 | D:1      | Reached XP level 3. HP: 26/29 MP: 3/3
  1258 | D:2      | Reached XP level 4. HP: 32/37 MP: 4/4
  1354 | D:2      | Noticed Terence
  1359 | D:2      | Killed Terence
  1513 | D:2      | Noticed Robin
  1556 | D:2      | Killed Robin
  1557 | D:2      | Reached XP level 5. HP: 32/42 MP: 5/5
  2156 | D:3      | Noticed Ijyb
  2163 | D:3      | Killed Ijyb
  3166 | D:4      | Reached XP level 6. HP: 49/49 MP: 6/6
  3271 | D:4      | Reached skill level 5 in Shields
  3643 | D:4      | Noticed Natasha
  3647 | D:4      | Killed Natasha
  3732 | D:4      | Reached XP level 7. HP: 54/55 MP: 7/7
  3767 | D:4      | Reached skill level 5 in Armour
  3775 | D:4      | Reached skill level 5 in Fighting
  4479 | D:4      | Noticed Natasha
  4492 | D:4      | Killed Natasha
  4755 | D:4      | Noticed Natasha
  4789 | D:4      | Killed Natasha
  4790 | D:4      | Reached skill level 6 in Shields
  4924 | D:5      | Entered Level 5 of the Dungeon
  4966 | D:5      | Noticed a two-headed ogre
  4987 | D:4      | HP: 1/56 [two-headed ogre/cursed -3 giant spiked club (20)]
  4987 | D:4      | Mangled by a two-headed ogre

Illustrated notes

Levels and vault maps discovered:
D:1:      lemuel_arrival_broad_hall, layout_loops_ring,
          nicolae_ashenzari_panopticon
D:2:      layout_basic, uniq_terence, uniq_robin
D:3:      layout_basic, uniq_ijyb
D:4:      kennysheep_big_flooded_room, layout_basic, uniq_natasha
D:5:      layout_basic

Skill      XL: |  1  2  3  4  5  6  7 |
---------------+----------------------+-----
Shields        | 4 5 6 |  6.0
Armour         | 4 5 |  5.4
Fighting       | 4 5 |  5.4
Axes           | 3 4 |  4.3

Action                   |  1- 3 |  4- 6 |  7- 9 || total
-------------------------+-------+-------+-------++-------
Melee: War axe           |    98 |    26 |       ||   124
       Spear             |       |    90 |     3 ||    93
       Hand axe          |       |    27 |    77 ||   104
 Abil: Dig               |     2 |    11 |     5 ||    18
Evoke: Wand              |       |       |     3 ||     3
  Use: Potion            |       |     1 |       ||     1
       Scroll            |       |       |    13 ||    13
Armor: Scale mail        |    46 |    31 |    16 ||    93
Dodge: Dodged            |    42 |    27 |    19 ||    88
Block: Kite shield       |    54 |    65 |    28 ||   147
